 Dungeon Crawl Stone Soup version 0.19-a0-231-gae044c8 (webtiles) character file.

115724 ololoev the Fencer (level 17, -1/116 HPs)
             Began as a Halfling Assassin on May 24, 2016.
             Was the Champion of Hepliaklqana.
             Slain by an alligator (8 damage)
             ... on level 3 of the Swamp.
             The game lasted 01:54:10 (38805 turns).

ololoev the Fencer (Halfling Assassin)             Turns: 38805, Time: 01:54:11

Health: -1/116     AC: 23    Str: 18    XL:     17   Next: 24%
Magic:  23/23      EV: 20    Int: 13    God:    Hepliaklqana [******]
Gold:   1272       SH:  9    Dex: 18    Spells: 3 memorised, 7 levels left

rFire  + + .     SeeInvis .     a - +4 scimitar (flame)
rCold  + . .     Gourm    .     V - +3 fire dragon armour
rNeg   . . .     Faith    .     c - +1 buckler {rPois}
rPois  +         Spirit   .     d - +1 helmet
rElec  .         Dismiss  .     t - +0 cloak
rCorr  .         Reflect  .     w - +0 pair of gloves
SustAt .         Harm     .     D - +2 pair of boots of Honesty {rC+ Str+2 Int+3}
MR     +....                    (no amulet)
Stlth  ++........               x - ring of protection from cold
                                O - +3 ring of slaying

@: drained, somewhat resistant to hostile enchantments, unstealthy
A: mutation resistance 1
a: Recall Ancestor, Ancestor Identity, Transference, Idealise, Renounce Religion


Innate Abilities, Weirdness & Mutations

You are small and have problems with some larger weapons.
You are somewhat resistant to further mutation.

Inventory:

Hand Weapons
 a - a +4 scimitar of flaming (weapon)
 b - a +0 blowgun
Missiles
 r - 3 needles of confusion
Armour
 c - a +1 buckler of poison resistance (worn)
 d - a +1 helmet (worn)
 t - a +0 cloak (worn)
 w - a +0 pair of gloves (worn)
 D - the +2 pair of boots of Honesty (worn) {rC+ Str+2 Int+3}
   (You found it on level 9 of the Dungeon)

   It affects your strength (+2).
   It affects your intelligence (+3).
   It protects you from cold.
 V - a +3 fire dragon armour (worn)
Jewellery
 x - a ring of protection from cold (right hand)
 E - an uncursed ring of protection from magic
 O - a +3 ring of slaying (left hand)
Wands
 e - a wand of teleportation (1/9)
 K - a wand of heal wounds (7/9)
 N - a wand of acid (2/15)
Scrolls
 f - 6 scrolls of teleportation
 h - a scroll of holy word
 k - 10 scrolls of magic mapping
 m - 6 scrolls of amnesia
 n - 8 scrolls of remove curse
 o - a scroll of brand weapon
 s - 3 scrolls of fog
 v - 4 scrolls of enchant weapon
 A - 8 scrolls of blinking
 I - 2 scrolls of recharging
 U - a scroll of identify
Potions
 j - 2 potions of magic
 l - a potion of berserk rage
 q - 5 potions of heal wounds
 u - 2 potions of ambrosia
 B - 4 potions of curing
 G - a potion of invisibility
 H - 2 potions of flight
 J - a potion of resistance
 L - 3 potions of brilliance
 P - a potion of cancellation
 Q - a potion of agility
 R - a potion of might
Comestibles
 g - 15 bread rations
 p - 21 fruits
 C - 12 royal jellies
 F - 9 beef jerkies
 M - 9 meat rations
 T - 2 slices of pizza


   Skills:
 + Level 10.4(10.3) Fighting
   Level 10.5(16.5) Short Blades
 * Level 16.2(16.8) Long Blades
 - Level 12.5(12.4) Throwing
 - Level 10.6 Armour
 - Level 11.5(11.4) Dodging
 - Level 4.3 Stealth
 - Level 8.7(8.6) Shields
 * Level 6.1(6.0) Hexes
 - Level 3.5(3.4) Charms
 - Level 2.5 Necromancy
 - Level 8.4 Invocations


You had 7 spell levels left.
You knew the following spells:

 Your Spells              Type           Power        Failure   Level  Hunger
a - Confuse               Hex            ###.....     24%         3    ####...
b - Tukima's Dance        Hex            ###.....     24%         3    ####...
c - Regeneration          Chrm/Necr      #.........   82%         3    ####...


You were on level 3 of the Swamp.
You worshipped Hepliaklqana.
Hepliaklqana was exalted by your worship.
You were very hungry.

You visited 6 branches of the dungeon, and saw 30 of its levels.
You also visited: Ice Cave.

You collected 2906 gold pieces.
You spent 1634 gold pieces at shops.

♣♣♣♣♣♣ ♣♣♣§...♣♣
♣....≈..♣♣
♣...≈≈≈..♣
♣♣...≈≈≈≈§♣♣♣
♣♣.≈†≈≈≈≈≈.≈.♣♣♣
♣§.≈≈≈≈≈≈≈.....♣♣
♣@≈≈≈≈≈..≈.≈....♣♣
♣.t≈≈≈≈..♣♣♣♣..≈.≈.
♣.≈≈≈≈≈.♣♣♣ ♣.≈≈≈.≈
♣≈≈≈≈..≈♣ ♣.≈≈≈.≈
§.♣♣♣♣♣♣♣♣ ♣.≈≈≈≈..
.. ♣.≈≈≈≈≈≈ ..
♣♣≈≈≈≈≈. .≈≈
♣.≈≈≈.. .≈≈≈≈..

Notes
Turn   | Place    | Note
--------------------------------------------------------------
     0 | D:1      | ololoev the Halfling Assassin began the quest for the Orb.
     0 | D:1      | Reached XP level 1. HP: 14/14 MP: 1/1
   179 | D:1      | Reached XP level 2. HP: 19/19 MP: 2/2
   391 | D:1      | Reached XP level 3. HP: 22/24 MP: 3/3
  1156 | D:1      | Reached XP level 4. HP: 29/29 MP: 4/4
  1412 | D:2      | Found a shadowy altar of Dithmenos.
  1486 | D:2      | Found a hide-covered altar to Ukayaw.
  1526 | D:2      | Found a shattered altar of Ashenzari.
  1527 | D:2      | Found a glowing golden altar of the Shining One.
  1611 | D:2      | Found a sparkling altar of Nemelex Xobeh.
  2243 | D:3      | Noticed an ogre
  2275 | D:3      | Killed an ogre
  2275 | D:3      | Reached skill level 5 in Short Blades
  2275 | D:3      | Reached XP level 5. HP: 35/35 MP: 5/5
  2452 | D:3      | Reached XP level 6. HP: 36/41 MP: 6/6
  2737 | D:3      | Noticed Grinder
  2940 | D:3      | Noticed Lugonue's ghost (weakling MiGl)
  2963 | D:3      | HP: 2/41 [bat (1)]
  3248 | D:4      | Found a bloodstained altar of Trog.
  3516 | D:4      | Found a glowing silver altar of Zin.
  3800 | D:4      | Reached skill level 1 in Armour
  4299 | D:4      | Reached XP level 7. HP: 39/45 MP: 7/7
  4417 | D:5      | Entered Level 5 of the Dungeon
  5824 | D:5      | Found an iron altar of Okawaru.
  5879 | D:5      | Reached XP level 8. HP: 45/52 MP: 8/8
  5919 | D:5      | Reached skill level 5 in Dodging
  6413 | D:6      | Reached skill level 5 in Throwing
  6416 | D:6      | Noticed Gruesome's ghost (amateur DgSu)
  7095 | D:6      | Found a radiant altar of Vehumet.
  7955 | D:7      | Found a staircase to the Ecumenical Temple.
  7974 | Temple   | Entered the Ecumenical Temple
  8214 | Temple   | Became a worshipper of Hepliaklqana
  8262 | D:7      | Reached XP level 9. HP: 57/57 MP: 9/9
  8357 | D:7      | Noticed Duvessa
  8389 | D:7      | Got a fine dagger
  8390 | D:7      | Identified the +8 dagger "Puqitzit" {pierce, *Noise rF++ Dex-2 Stlth+} (You found it on level 7 of the Dungeon)
  8824 | D:7      | Noticed Pikel
  8838 | D:7      | Killed Pikel
  9005 | D:7      | Reached * piety under Hepliaklqana
  9195 | D:7      | Killed Dowan
  9216 | D:7      | Killed Duvessa
  9230 | D:7      | Got a transparent dagger
  9231 | D:7      | Identified the +4 dagger of the Hidden Cities {venom, +Inv rF+ Dex+2} (You found it on level 7 of the Dungeon)
  9264 | D:7      | Found Ynumed's Weapon Shoppe.
  9316 | D:8      | Noticed namelastname112's ghost (novice DrGl)
  9579 | D:7      | Reached skill level 5 in Armour
  9876 | D:8      | Found Acsubaf's Antique Weapon Shoppe.
 10030 | D:6      | Killed Gruesome's ghost
 10041 | D:6      | Reached XP level 10. HP: 25/63 MP: 10/10
 10438 | D:9      | Got a pair of spiked boots
 10449 | D:9      | Identified the +2 pair of boots of Honesty {rC+ Str+2 Int+3} (You found it on level 9 of the Dungeon)
 11045 | D:9      | Found a stormy altar of Qazlal.
 11314 | D:9      | Noticed a centaur warrior
 11327 | D:9      | Killed a centaur warrior
 11343 | D:9      | Noticed a centaur warrior
 11363 | D:9      | Killed a centaur warrior
 11363 | D:9      | Reached skill level 10 in Short Blades
 11363 | D:9      | Reached XP level 11. HP: 38/70 MP: 11/11
 11465 | D:9      | Identified a scroll of acquirement
 11741 | D:9      | Found a burning altar of Makhleb.
 11753 | D:9      | Reached ** piety under Hepliaklqana
 11754 | D:9      | Remembered your ancestor TRAUMATURGE! as a battlemage
 11892 | D:9      | Killed an unseen horror
 11892 | D:9      | Reached skill level 10 in Throwing
 12035 | D:9      | Found a snail-covered altar of Cheibriados.
 12045 | D:9      | Reached skill level 1 in Long Blades
 12183 | D:10     | Entered Level 10 of the Dungeon
 12577 | D:10     | Reached skill level 2 in Long Blades
 12602 | D:10     | Noticed a hill giant
 12604 | D:10     | Killed a hill giant
 12740 | D:10     | Reached *** piety under Hepliaklqana
 13597 | D:11     | Noticed a hill giant
 13616 | D:11     | Wingboner: О, я тоже за хеплятиной пошёл. Главное чара не просрать раньше, а то больно хороший.
 13620 | D:10     | Killed a hill giant
 13620 | D:10     | Reached skill level 3 in Long Blades
 13625 | D:10     | Reached skill level 5 in Fighting
 13660 | D:10     | Wingboner: Родные rC, rF и реген.
 13662 | D:10     | ololoev: ты на бротато не пробовал его раньше?
 13740 | D:11     | Wingboner: Пробовал, но с тех пор всё сильно поменялось вроде.
 13781 | D:11     | Noticed a manticore
 13788 | D:11     | Noticed a manticore
 13788 | D:11     | Wingboner: +1 тебе за имя.
 13789 | D:11     | Noticed a cyclops
 13806 | D:11     | ololoev: таки не совсем правильное, он не гексер
 13825 | D:11     | Found a frozen archway.
 13834 | IceCv    | Entered an ice cave
 13835 | IceCv    | Wingboner: Переименуй в TRAUMATURGE
 13835 | IceCv    | ololoev: уже
 14163 | IceCv    | Noticed a white ugly thing
 14165 | IceCv    | ololoev: лол что?
 14165 | IceCv    | ololoev: аглик в айскейве
 14165 | IceCv    | ololoev: впервые вижу
 14176 | IceCv    | Wingboner: Белый!
 14186 | IceCv    | Killed a white ugly thing
 14186 | IceCv    | Reached XP level 12. HP: 77/77 MP: 12/12
 14595 | IceCv    | ololoev: азаза!
 14595 | IceCv    | Wingboner: Ну офонареть. Смылся из дикой жопы, в угол забился порегениться, и тут в этот угол заходит Менкаур.
 14630 | IceCv    | ololoev: можно менять энсестора местами со статуей
 14857 | IceCv    | Wingboner: Лол.
 14866 | IceCv    | Wingboner: А с обычной?
 14878 | IceCv    | ololoev: не думаю что прокнет
 14878 | IceCv    | ololoev: но можно попробовать
 15291 | D:11     | Reached skill level 4 in Long Blades
 15345 | D:11     | Found a staircase to the Orcish Mines.
 15564 | D:11     | Reached skill level 10 in Dodging
 15642 | D:11     | Found a staircase to the Lair.
 16407 | Orc:1    | Entered Level 1 of the Orcish Mines
 16432 | Orc:1    | Reached skill level 5 in Long Blades
 16456 | Orc:1    | Reached skill level 1 in Invocations
 16843 | Orc:2    | Entered Level 2 of the Orcish Mines
 16843 | Orc:2    | Found a staircase to the Elven Halls.
 16845 | Orc:2    | Noticed Nico3ck's ghost (journeyman FoFi)
 16845 | Orc:2    | DEFE: Я тоже его запустил
 16845 | Orc:2    | DEFE: его менять можно
 16845 | Orc:2    | DEFE: хексер-балт маг -кнайт
 16845 | Orc:2    | DEFE: или выбор один на всю игру?
 16845 | Orc:2    | Wingboner: Выбор один.
 16845 | Orc:2    | Wingboner: Даже если дропнуть бога и заново.
 16845 | Orc:2    | ololoev: поменять вроде нельзя
 16845 | Orc:2    | ololoev: вообще подстава
 16845 | Orc:2    | ololoev: я думал будет укулеле
 16845 | Orc:2    | ololoev: взял шортера
 16845 | Orc:2    | DEFE: лол
 16845 | Orc:2    | DEFE: ахахаха
 16845 | Orc:2    | ololoev: но дефе оказался прав, надо было брать хай эльфа с лонгами
 16845 | Orc:2    | ololoev: на схс еще укулеле не накатили даже
 16845 | Orc:2    | ololoev: в богах его нет
 16845 | Orc:2    | DEFE: накатили
 16845 | Orc:2    | DEFE: я утром играл
 16845 | Orc:2    | DEFE: за него
 16845 | Orc:2    | DEFE: вот он
 16845 | Orc:2    | ololoev: а где он?
 16845 | Orc:2    | DEFE: в первом ряду
 16845 | Orc:2    | ololoev: а лол
 16845 | Orc:2    | ololoev: я в конце смотрел
 16845 | Orc:2    | DEFE: у него нет картинки алтаря
 16845 | Orc:2    | ololoev: хз почему
 16845 | Orc:2    | DEFE: выглядит как рандом-алтарь
 16845 | Orc:2    | ololoev: аа
 16845 | Orc:2    | ololoev: может я еще и поэтому не обратил внимания
 16855 | Orc:2    | Killed Nico3ck's ghost
 17093 | Orc:1    | DEFE: нажми а
 17093 | Orc:1    | ololoev: этого гада качать надо как наемника?
 17093 | Orc:1    | DEFE: да походу нельзя менять
 17093 | Orc:1    | DEFE: отстой
 17093 | Orc:1    | Wingboner: Не, он от твоего уровня зависит.
 17093 | Orc:1    | DEFE: непонятно кого брять
 17093 | Orc:1    | Wingboner: То есть чем выше у тебя апта на экспу тем лучше.
 17093 | Orc:1    | DEFE: у него ХД растет с твоим уровнем
 17093 | Orc:1    | ololoev: аа
 17093 | Orc:1    | Wingboner: И шмот появляется.
 17093 | Orc:1    | DEFE: а пиети откуда идет?
 17093 | Orc:1    | Wingboner: И абилки.
 17093 | Orc:1    | DEFE: от эксплора?
 17093 | Orc:1    | ololoev: я просто давно про него читал и уже не помню
 17093 | Orc:1    | ololoev: эксплор
 17093 | Orc:1    | DEFE: ему еще инво надо
 17093 | Orc:1    | ololoev: там вроде у баттлмага болт коррозии есть
 17093 | Orc:1    | ololoev: в конце
 17093 | Orc:1    | ololoev: или я путаю?
 17197 | Orc:2    | Wingboner: Я не помню, копьё точно есть.
 17258 | Orc:1    | Noticed an orc warlord
 17262 | Orc:1    | ololoev: лол да вы офигели!!!!!
 17283 | D:11     | Wingboner: Новый орчатник же.
 17317 | D:12     | Wingboner: Это нормально.
 17327 | D:11     | Wingboner: Только два этажа, зато орки более суровые. Экспа та же.
 17335 | D:11     | Wingboner: И деньги те же.
 17335 | D:11     | Reached skill level 6 in Long Blades
 17380 | D:11     | ololoev: но не варлорд же на О1
 17380 | D:11     | Wingboner: Почему?
 17405 | D:11     | Wingboner: Вполне себе варлорд.
 17405 | D:11     | ololoev: ну хз
 17405 | D:11     | ololoev: испугался просто
 17409 | D:11     | Wingboner: Обычные орки вообще не генерятся кроме как в пачках.
 17421 | D:11     | Wingboner: Привыкайю.
 17920 | D:12     | Reached skill level 10 in Armour
 17991 | D:12     | Reached XP level 13. HP: 84/84 MP: 13/13
 18091 | D:12     | Found a sacrificial altar of Ru.
 18100 | D:12     | Reached skill level 7 in Long Blades
 18106 | D:12     | Noticed Harold
 18137 | D:12     | Killed Harold
 18326 | D:12     | ololoev: я не понел!!
 18326 | D:12     | ololoev: почему инво серое?
 18326 | D:12     | ololoev: почему всего 1?
 18326 | D:12     | ololoev: что за багованное дерьмо!
 18326 | D:12     | Wingboner: Потому что ты утырок.
 18326 | D:12     | Wingboner: И не включил ручной режим.
 18326 | D:12     | ololoev: лол
 18326 | D:12     | Wingboner: /
 18326 | D:12     | ololoev: откуда у меня врубился ручной режим
 18340 | D:12     | Wingboner: Либо с самого начала стоял, либо ты случайно задел кнопку.
 18468 | D:12     | ololoev: яра анревелинг крутой спелл?
 18468 | D:12     | ololoev: веселый хотя-бы?
 18494 | D:12     | Wingboner: ОБАЛДЕННЫЙ
 18528 | D:12     | DEFE: только нинужный
 18528 | D:12     | Wingboner: Только не так использовать, как рассчитано.
 18534 | D:12     | Learned a level 5 spell: Yara's Violent Unravelling
 18534 | D:12     | Wingboner: Не на других, а на себя.
 18534 | D:12     | Wingboner: Снимать сап, петрифай, всю херню.
 18534 | D:12     | ololoev: нинужно
 18539 | D:12     | Learned a level 3 spell: Tukima's Dance
 18539 | D:12     | DEFE: короче маг получает копье и коррозию в конце
 18543 | D:12     | Learned a level 3 spell: Confuse
 18544 | D:12     | ololoev: норм же!
 18563 | D:12     | Noticed Urug
 18574 | D:12     | Killed Urug
 18869 | D:13     | Reached skill level 1 in Hexes
 18899 | D:13     | DEFE: хексер метаболик и масс конфуз имеет
 18904 | D:13     | DEFE: и квикблейд-антимагии
 18968 | D:13     | Noticed Sonja
 18981 | D:13     | DEFE: У рыцаря броад акс скорости, лардж шит и бонус к АЦ
 18989 | D:13     | DEFE: а еще иглы как у демонспавна
 18991 | D:13     | DEFE: мутация
 19119 | D:13     | Reached skill level 8 in Long Blades
 19304 | D:13     | ololoev: ееее
 19304 | D:13     | Killed Sonja
 19306 | D:13     | DEFE: я рыцаря взял
 19328 | D:13     | DEFE: раз уж ты мага схватил
 19346 | D:13     | Noticed Erolcha
 19355 | D:13     | Killed Erolcha
 19367 | D:13     | Noticed an eight-headed hydra
 19380 | D:13     | ololoev: я не так чтобы занял, тебе тоже можно мага
 19552 | D:13     | DEFE: лол
 19555 | D:13     | DEFE: просто проверить
 19555 | D:13     | Killed a 13-headed hydra
 19560 | D:13     | DEFE: все варианты
 19833 | D:13     | DEFE: мне кажется маг отстой
 19838 | D:13     | DEFE: если сам не костуешь
 19848 | D:13     | DEFE: ты ему линию стрельбы будешь закрывать
 19856 | D:13     | Noticed a centaur warrior
 19857 | D:13     | Noticed a centaur warrior
 19866 | D:13     | crauler: мне маг понравился
 19869 | D:13     | Noticed a vault guard
 20212 | D:13     | crauler: конечно надо иногда надо учитывать это и освобождать ему пространство
 20216 | D:13     | crauler: а так норм
 20217 | D:13     | Killed a vault guard
 20219 | D:13     | HP: 2/86 [centaur warrior (7)]
 20224 | D:13     | Killed a centaur warrior
 20770 | D:13     | Killed a centaur warrior
 20770 | D:13     | Reached skill level 9 in Long Blades
 20780 | D:13     | Found a gate to the Vaults.
 20802 | D:13     | Learned a level 3 spell: Regeneration
 20802 | D:13     | ololoev: кстати
 20802 | D:13     | ololoev: нафига я инво качаю?
 20802 | D:13     | ololoev: что от инво зависит?
 20802 | D:13     | crauler: ммм
 20802 | D:13     | crauler: напомни список сил
 20802 | D:13     | crauler: ^!
 20802 | D:13     | crauler: хотя я один хуй играл с ним один раз, сравнить не с чем
 20802 | D:13     | crauler: но я качал инво
 20802 | D:13     | crauler: замедление вроде скейлится, которое открывается на 5-6й звезде
 20802 | D:13     | Wingboner: Раньше был выбор кроме замедления.
 20802 | D:13     | Wingboner: Меня дико пёр взрыв.
 20802 | D:13     | ololoev: наверно для хилки нужен инво
 20819 | D:13     | Wingboner: Да, замедление скейлится.
 20885 | D:13     | Wingboner: А у меня хепла не будет, лол.
 21225 | D:11     | crauler: какието охуетельные истории
 21247 | D:11     | crauler: с варлордом в данже
 21253 | D:10     | crauler: *охуительные
 21253 | D:10     | Wingboner: У меня сорк в данже.
 21253 | D:10     | Wingboner: На д11.
 21253 | D:10     | crauler: ну сорк не варлорд
 21253 | D:10     | crauler: тоже мало приятного конечно
 21253 | D:10     | Wingboner:
 13665 | D:11     | Noticed a phantasmal warrior
 13666 | D:11     | Noticed a hill giant
 13667 | D:11     | Noticed an eight-headed hydra
 13667 | D:11     | Noticed a death knight
 13668 | D:11     | Noticed a skeletal warrior
 21253 | D:10     | Wingboner: Это более варлорд? Кек.
 21253 | D:10     | ololoev: я варлорда из орчатни вытащил
 21253 | D:10     | ololoev: это чтобы вы не пугались
 21339 | D:11     | Killed an orc warlord
 21570 | Orc:1    | Reached skill level 1 in Charms
 21570 | Orc:1    | Reached skill level 1 in Necromancy
 21644 | Orc:2    | Reached XP level 14. HP: 83/92 MP: 16/16
 21881 | Orc:2    | Found Qucheuc's Book Shop.
 21881 | Orc:2    | Noticed an orc warlord
 21894 | Orc:2    | crauler: ты травматурга зачем подорвал
 21894 | Orc:2    | ololoev: ну так получилось, я нечаянно!
 22125 | Orc:1    | Killed an orc warlord
 22601 | Orc:2    | Bought a manual of Long Blades for 1214 gold pieces
 22942 | Orc:2    | Found Zevve's Antique Weapon Shop.
 22956 | Orc:2    | Reached **** piety under Hepliaklqana
 23020 | Orc:2    | Found Zoegriaq's Distillery.
 23033 | Orc:2    | Reached skill level 10 in Long Blades
 23048 | Orc:2    | Found Xogext's General Store.
 23051 | Orc:2    | Found Tiodemus's Antique Armour Emporium.
 23091 | Orc:2    | Bought a steaming chain mail for 285 gold pieces
 23101 | Orc:2    | Identified the +2 chain mail "Noenupol" {Dex+3 Slay+3} (You bought it in a shop on level 2 of the Orcish Mines)
 23623 | D:14     | Found an iron altar of Okawaru.
 23924 | D:14     | Noticed Azrael
 24967 | D:14     | HP: 5/141 [Azrael/fireball (33)]
 24968 | D:14     | Killed Azrael
 24968 | D:14     | Reached skill level 5 in Invocations
 25644 | D:14     | Reached skill level 11 in Long Blades
 25688 | D:14     | Gained mutation: You have a pair of small antennae on your head. [mutagenic meat]
 25692 | D:14     | Gained mutation: Your mind is acute. (Int +2) [mutagenic meat]
 25693 | D:14     | Gained mutation: You are partially covered in yellow scales. (AC +2) [mutagenic meat]
 25696 | D:14     | Gained mutation: You are weak. (Str -2) [mutagenic meat]
 26169 | Orc:2    | Bought a runed buckler for 135 gold pieces
 26284 | Lair:1   | Entered Level 1 of the Lair of Beasts
 26617 | Lair:1   | Reached skill level 1 in Shields
 27287 | Lair:2   | Reached XP level 15. HP: 93/100 MP: 19/19
 27288 | Lair:2   | Remembered your ancestor TRAUMATURGE! casting Bolt of Magma
 27896 | Lair:3   | Reached skill level 12 in Long Blades
 27929 | Lair:3   | Reached ***** piety under Hepliaklqana
 28607 | Lair:3   | Lost mutation: You have a pair of small antennae on your head. [potion of cure mutation]
 28607 | Lair:3   | Lost mutation: Your mind is acute. (Int +2) [potion of cure mutation]
 28607 | Lair:3   | Lost mutation: You are partially covered in yellow scales. (AC +2) [potion of cure mutation]
 28607 | Lair:3   | Lost mutation: You are weak. (Str -2) [potion of cure mutation]
 29310 | Lair:4   | Reached skill level 13 in Long Blades
 29788 | Lair:4   | Found a staircase to the Swamp.
 30114 | Lair:5   | Reached skill level 5 in Shields
 30152 | Lair:5   | Noticed Nessos
 30160 | Lair:5   | Killed Nessos
 30191 | Lair:5   | Noticed Rupert
 30191 | Lair:5   | Paralysed by Rupert for 7 turns
 30217 | Lair:5   | Killed Rupert
 31508 | Lair:6   | Found a hole to the Spider Nest.
 31520 | Lair:6   | Reached XP level 16. HP: 99/108 MP: 21/21
 31543 | Lair:6   | Reached skill level 14 in Long Blades
 32339 | Lair:7   | Reached ****** piety under Hepliaklqana
 32655 | Lair:8   | Entered Level 8 of the Lair of Beasts
 33465 | Lair:8   | Found a staircase to the Slime Pits.
 34513 | D:15     | Entered Level 15 of the Dungeon
 34836 | D:15     | Reached skill level 15 in Long Blades
 35212 | D:15     | Found a staircase to the Depths.
 35303 | Depths:1 | Entered Level 1 of the Depths
 35823 | D:15     | Wingboner: Блин. У меня головняк: из-за бага не сгенерились алтари хепла и уки.
 35823 | D:15     | Wingboner: Я думал сдохну, пошёл на духз, но довольно успешно его делаю.
 35823 | D:15     | Wingboner: Таки сохранюсь и пойду на другой сервер за хеплом, пожалуй.
 35823 | D:15     | ololoev: ты где обитаешь?
 35824 | D:15     | Wingboner: !lm .
 35826 | D:15     | Wingboner: А ты не подписан?
 35839 | D:15     | ololoev: нет
 35839 | D:15     | Wingboner: Пичально.
 35839 | D:15     | ololoev: с ним все начинают использовать тебя как канал ирца
 35839 | D:15     | ololoev: хотя может уже бум прошел и можно подписаться обратно
 35993 | Lair:2   | Wingboner: [2016-05-24 12:39:02] casual the Blocker (L17 DsTm of Cheibriados) entered a Bazaar on turn 27617. (Depths:2)
 36113 | Swamp:1  | Entered Level 1 of the Swamp
 36114 | Swamp:1  | Reached skill level 10 in Fighting
 37194 | Swamp:2  | Reached skill level 5 in Hexes
 37194 | Swamp:2  | Reached XP level 17. HP: 27/115 MP: 23/23
 37816 | Swamp:2  | Reached skill level 16 in Long Blades
 38766 | Swamp:3  | ololoev: казуал
 38766 | Swamp:3  | ololoev: у тебя энсестор еще новенький
 38766 | Swamp:3  | Wingboner: Lf/
 38766 | Swamp:3  | Wingboner: Да.
 38766 | Swamp:3  | ololoev: подлови сообщение когда он что-то там вспоминает
 38766 | Swamp:3  | ololoev: что там пишут
 38766 | Swamp:3  | ololoev: дай ему поубивать народ
 38766 | Swamp:3  | Wingboner: А зачем давать поубивать?
 38766 | Swamp:3  | Wingboner: Так же он медленнее качаться будет.
 38766 | Swamp:3  | ololoev: ну там сообщение выходит
 38766 | Swamp:3  | Wingboner: Сообщение, если хочешь, я тебе в гите найду.
 38766 | Swamp:3  | ololoev: я пошел пока сам искать
 38766 | Swamp:3  | Wingboner: Ух ты, на 15м уровне специализация.
 38766 | Swamp:3  | Wingboner: Не знал.
 38805 | Swamp:3  | Slain by an alligator

Dungeon Overview and Level Annotations

Branches:
Dungeon (15/15)            Temple (1/1) D:7            Lair (8/8) D:11
  Swamp (3/4) Lair:4       Spider (0/4) Lair:6        Slime (0/6) Lair:8
    Orc (2/2) D:11            Elf (0/3) Orc:2        Vaults (0/5) D:13
 Depths (1/5) D:15

Altars:
Ashenzari
Cheibriados
Dithmenos
Elyvilon
Fedhas
Gozag
Hepliaklqana
Kikubaaqudgha
Makhleb
Nemelex Xobeh
Okawaru
Pakellas
Qazlal
Ru
Sif Muna
Trog
Ukayaw
Vehumet
Xom
Yredelemnul
Zin
The Shining One

Shops:
D:7 (   D:8 (   Orc:2 [!(*:

Annotations:
D:3 Grinder; Lugonue's ghost, weakling MiGl
D:8 namelastname112's ghost, novice DrGl


Message History

The spectral alligator misses you. The spectral spiny frog hits you.
You slash the ghost crab! You burn the ghost crab.
You destroy the ghost crab!
You are engulfed in spectral mist.
The spectral eight-headed hydra fades away! x2
The spectral swamp drake fades away!
The spectral spiny frog fades away!
The spectral alligator fades away!
The spectral giant leech fades away!
Unknown command.
Evoke which item? (* to show all) (? for menu, Esc to quit)
That item cannot be evoked!
Unknown command.
Unknown command.
Evoke which item? (* to show all) (? for menu, Esc to quit)
Zapping:
N - a wand of acid (5/15)
Press: ? - help, Shift-Dir - straight line, f - shambling mangrove
Aim: a shambling mangrove The bolt of acid hits the shambling mangrove.
The acid corrodes the shambling mangrove!
The shambling mangrove is lightly damaged.
This wand has 4 charges left.
You block the shambling mangrove's attack.
You hit the shambling mangrove. You burn the shambling mangrove.
The shambling mangrove is lightly damaged.
An alligator comes into view.
You hit the shambling mangrove. You burn the shambling mangrove.
The shambling mangrove is lightly damaged.
The shambling mangrove hits you!
You slash the shambling mangrove! You burn the shambling mangrove.
The shambling mangrove is moderately damaged.
You slash the shambling mangrove! You burn the shambling mangrove.
The shambling mangrove is heavily damaged.
The shambling mangrove barely misses you.
You slash the shambling mangrove! You burn the shambling mangrove.
The shambling mangrove is heavily damaged.
The shambling mangrove hits you!!
You slice the shambling mangrove!! You burn the shambling mangrove.
The shambling mangrove is severely damaged.
You slash the shambling mangrove! You burn the shambling mangrove.
The shambling mangrove is almost destroyed.
The shambling mangrove hits you but does no damage.
You are feeling very hungry.
You slash the shambling mangrove! You burn the shambling mangrove.
The shambling mangrove is almost destroyed.
You slash the shambling mangrove! You burn the shambling mangrove.
You destroy the shambling mangrove!
The grasping roots settle back into the ground.
Evoke which item? (* to show all) (? for menu, Esc to quit)
Zapping:
N - a wand of acid (4/15)
Press: ? - help, Shift-Dir - straight line, f - alligator
Aim: an alligator The bolt of acid hits the alligator.
The alligator is lightly wounded.
This wand has 3 charges left.
The alligator closely misses you.
The alligator tail-slaps you but does no damage.
Evoke which item? (* to show all) (? for menu, Esc to quit)
Zapping:
N - a wand of acid (3/15)
Press: ? - help, Shift-Dir - straight line, f/p - alligator
Aim: an alligator (lightly wounded)
The bolt of acid hits the alligator.
The acid corrodes the alligator!
The alligator is moderately wounded.
This wand has 2 charges left.
The alligator misses you. You block the alligator's attack.
You slash the alligator! You burn the alligator.
The alligator is moderately wounded.
You block the alligator's attack.
The alligator tail-slaps you but does no damage.
You hit the alligator. You burn the alligator.
The alligator is heavily wounded.
You block the alligator's attack. x2
You slash the alligator! You burn the alligator.
The alligator is severely wounded.
The alligator bites you!
The alligator tail-slaps you but does no damage.
You closely miss the alligator.
The alligator is severely wounded.
The alligator bites you! The alligator completely misses you.
You slash the alligator! You burn the alligator.
The alligator is severely wounded.
The alligator bites you!
You die...

You could see an alligator.

Vanquished Creatures
  Rupert (Lair:5)
  An orc warlord (Orc:1)
  Azrael (D:14)
  A vault guard (D:13)
  4 hydras
  2 ghost crabs
  Harold (D:12)
  Erolcha (D:13)
  The ghost of Nico3ck the Cleaver, a journeyman FoFi of Okawaru (Orc:2)
  7 centaur warriors
  2 tengu warriors (D:15)
  3 alligators
  7 death yaks
  3 orc high priests (Orc:2)
  A fire crab (Lair:6)
  A wizard (D:14)
  A deep troll (D:15)
  2 shambling mangroves
  4 hill giants
  Pikel (D:7)
  2 orc knights (Orc:2)
  3 orc sorcerers
  An orb spider (shapeshifter) (D:13)
  6 ugly things
  A hornet (Swamp:2)
  3 cyclopes
  5 black mambas
  3 ice statues (IceCv)
  A torpor snail (Lair:2)
  6 centaur skeletons
  5 elephants
  3 gargoyles
  A freezing wraith (D:15)
  13 spiny frogs
  11 komodo dragons
  A rime drake (Lair:5)
  A queen bee (Lair:3)
  2 spriggan druids
  3 trolls
  7 polar bears
  11 blink frogs
  4 bog bodies
  4 two-headed ogres
  14 slime creatures
  12 spriggans
  3 redbacks (Lair:8)
  A fire elemental (D:14)
  A tarantella (shapeshifter) (D:14)
  40 yaks
  A vampire (D:12)
  2 basilisks
  A wraith (D:13)
  4 wyverns
  A basilisk (shapeshifter) (D:9)
  15 hippogriffs
  8 swamp worms
  7 wargs
  6 vampire mosquitoes
  An insubstantial wisp (Swamp:3)
  A mottled dragon (D:13)
  A soldier ant (D:13)
  10 water moccasins
  2 hell hounds
  10 porcupines
  Duvessa (D:7)
  24 orc warriors
  A sky beast (D:6)
  3 swamp drakes (Swamp:1)
  A phantom (D:11)
  10 ice beasts
  4 black bears
  7 wasps
  11 ogres
  13 wolves (Lair:8)
  11 centaurs
  10 crocodiles
  3 big kobolds
  A gnoll sergeant (D:12)
  12 giant frogs
  A wyvern zombie (D:13)
  A water moccasin zombie (D:6)
  A battlemage (Orc:2)
  4 scorpions
  21 killer bees (Lair:3)
  12 wights
  An electric eel (D:10)
  2 howler monkeys
  3 crimson imps
  4 centaur zombies
  A quasit (D:10)
  4 giant frog zombies
  2 jellies
  A gnoll shaman (D:9)
  9 orc priests
  3 giant frog skeletons
  4 hounds
  7 iguanas
  15 orc wizards
  10 worker ants
  20 sheep
  2 hound zombies
  A hound skeleton (D:6)
  10 gnolls
  57 river rats
  10 adders
  4 shadow imps
  2 oozes
  An adder zombie (D:6)
  4 worms
  4 dart slugs
  6 giant geckos
  60 orcs
  2 ball pythons
  12 bats
  6 giant cockroaches
  9 goblins
  8 hobgoblins
  5 jackals
  2 quokkas (D:3)
  A giant gecko skeleton (D:4)
  2 giant newts
  A jackal skeleton (D:9)
  11 kobolds
  2 quokka zombies
  12 rats
755 creatures vanquished.

Vanquished Creatures (collateral kills)
  An orc warlord (D:11)
  Nessos (Lair:5)
  A fire dragon (D:15)
  5 hydras
  An ice dragon (D:15)
  2 catoblepae
  5 alligators
  A death yak (Lair:5)
  Urug (D:12)
  A deep troll earth mage (D:15)
  An orc high priest (Orc:2)
  Sonja (D:13)
  3 unseen horrors
  A swamp dragon (Swamp:3)
  A shambling mangrove (Swamp:2)
  4 hill giants
  An orc knight (Orc:1)
  4 hornets
  A deep elf mage (D:13)
  2 manticores (D:11)
  3 ugly things
  2 cyclopes
  6 elephants (Lair:6)
  A centaur zombie (D:10)
  A black mamba (Lair:3)
  5 spiny frogs
  An efreet (D:15)
  4 komodo dragons
  A polar bear (Lair:3)
  A wind drake (shapeshifter) (D:13)
  4 giant leeches
  A two-headed ogre (Orc:1)
  The ghost of Gruesome the Cutter, an amateur DgSu (D:6)
  A troll (D:10)
  4 slime creatures
  A bog body (Swamp:1)
  2 blink frogs (Lair:3)
  3 redbacks (Lair:8)
  2 spriggans
  12 yaks
  A fire elemental (D:14)
  4 hippogriffs
  A hippogriff (shapeshifter) (D:13)
  2 basilisks (Lair:8)
  2 wargs
  6 vampire mosquitoes
  4 swamp worms
  2 hell hounds (D:14)
  3 insubstantial wisps (Swamp:3)
  7 water moccasins
  10 orc warriors
  4 sky beasts
  An ice beast (IceCv)
  4 wasps
  4 swamp drakes
  2 black bears (Lair:8)
  An ogre (Orc:1)
  4 wolves (Lair:8)
  A centaur (D:6)
  5 crocodiles
  5 giant frogs
  A gnoll sergeant (D:10)
  A scorpion (D:9)
  4 killer bees (Lair:3)
  2 wights (D:11)
  An electric eel (D:10)
  3 crimson imps
  A giant frog zombie (D:11)
  5 orc priests
  8 orc wizards
  A hound (D:8)
  A centaur skeleton (D:11)
  3 iguanas
  4 worker ants
  13 sheep
  An adder (D:11)
  5 gnolls
  39 river rats
  An adder skeleton (D:8)
  A giant gecko (D:11)
  23 orcs
  A bat (Orc:2)
  2 kobolds
  2 fungi
  A plant (Lair:3)
291 creatures vanquished.

Vanquished Creatures (others)
  A black bear (D:7)
  Dowan (D:7)
  An orc wizard (D:9)
  30 battlemagi
  4 ancestors
  6 fungi
  A plant (Lair:3)
44 creatures vanquished.

Grand Total: 1090 creatures vanquished

Action                   |  1- 3 |  4- 6 |  7- 9 | 10-12 | 13-15 | 16-18 || total
-------------------------+-------+-------+-------+-------+-------+-------++-------
Melee: Dagger            |    84 |   247 |   563 |   541 |       |       ||  1435
       Long sword        |       |       |       |   194 |   646 |       ||   840
       Unarmed           |       |       |       |     1 |       |       ||     1
       Scimitar          |       |       |       |       |   854 |   667 ||  1521
 Fire: Blowgun           |     4 |    58 |   136 |    70 |    38 |       ||   306
Throw: Throwing net      |       |       |       |     2 |     5 |       ||     7
 Cast: Tukima's Dance    |       |       |       |       |     1 |       ||     1
Invok: Recall Ancestor   |       |       |     1 |     9 |     7 |     2 ||    19
       Transference      |       |       |       |     3 |     1 |       ||     4
       Ancestor Life: Ba |       |       |       |     1 |       |       ||     1
Battlemage: Bolt         |       |       |       |       |     1 |       ||     1
Evoke: Wand              |       |       |       |    13 |     1 |     4 ||    18
  Use: Potion            |       |     3 |     1 |    10 |    10 |       ||    24
       Scroll            |       |       |     1 |    23 |    10 |    11 ||    45
 Stab: Sleeping          |     5 |     9 |       |     6 |       |     1 ||    21
       Distracted        |       |       |       |     8 |    27 |    12 ||    47
       Held in net/web   |       |       |       |     2 |       |       ||     2
  Eat: Chunk             |       |    10 |    14 |    10 |    50 |    21 ||   105
       Fruit             |       |     1 |       |     2 |       |       ||     3
       Royal jelly       |       |       |     1 |       |     1 |     1 ||     3
       Pizza             |       |       |     1 |       |       |       ||     1
       Beef jerky        |       |       |       |     1 |       |       ||     1
       Bread ration      |       |       |       |     2 |     1 |       ||     3
       Meat ration       |       |       |       |     1 |     1 |       ||     2
Armor: Robe              |    20 |    22 |       |       |       |       ||    42
       Ring mail         |       |    34 |   107 |       |       |       ||   141
       Scale mail        |       |       |    25 |   174 |   102 |       ||   301
       Skin              |       |       |     1 |     8 |       |       ||     9
       Chain mail        |       |       |       |       |   274 |   159 ||   433
       Plate armour      |       |       |       |       |    71 |       ||    71
       Fire dragon armou |       |       |       |       |       |    98 ||    98
Dodge: Dodged            |    65 |   209 |   327 |   501 |  1030 |   419 ||  2551
Block: Buckler           |       |       |       |       |   236 |   263 ||   499

Vault maps used:
D:1:      dpeg_arrival_more_subterranean_lakeside_camping
D:2:      old_standard_altar, old_standard_altar, lemuel_doored_altar,
          minitemple
D:3:      first_bread, uniq_grinder
D:4:      lemuel_crystal_altar, trog_book
D:5:      kennysheep_another_room, kennysheep_big_empty_room, minivault_19,
          okawaru_metal_pillars_3
D:6:      vehumet_crystals
D:7:      temple_fountains, serial_shops, kennysheep_mini_moat,
          nrook_loot_triangle, grunt_ogre_cave, uniq_duvessa, uniq_pikel
D:8:      serial_shops, shop, grunt_dithmenos_shadows
D:9:      minmay_cut_squares, lemuel_crystal_altar,
          nicolae_qazlal_general_emergency, lightli_temple_of_fire
D:10:     water_maze_lemuel
D:11:     erik_lair_orcish_takeover, david_orc_4,
          portal_ice_cave_entry_pillars_1
D:12:     spider_trap, nicolae_ru_awakened_eye, uniq_harold, uniq_urug
D:13:     david_vaults_5, uniq_erolcha, uniq_sonja
D:14:     serial_glass, glass_columns_a, glass_columns_c, basic_altar,
          patterned_corridor, uniq_azrael
D:15:     grunt_enter_depths_hoard
Temple:   chambers_temple_12
Lair:1:   serial_bayou_shore_b
Lair:3:   beast_lair_carwin_3, grunt_megastairs_4
Lair:4:   minmay_swamp_entry_worms, lemuel_fruit_tree, grunt_megastairs_2
Lair:5:   beast_lair_carwin_large_1, grunt_megastairs_3, uniq_nessos,
          uniq_rupert
Lair:6:   dummy_spider_entry, minivault_11
Lair:8:   minmay_lair_end_enchanted_forest, dpeg_slime_entry_corner,
          grunt_forest_large_clearings
Swamp:1:  evilmike_swamp_ruin_house_3, swamp_pool5
Swamp:2:  evilmike_swamp_ruin_house_6, infiniplex_staircase_pool
Swamp:3:  evilmike_swamp_ruin_house_1
Orc:2:    grunt_orc_gardens, grunt_orc_garden, grunt_orc_garden,
          grunt_orc_garden, grunt_orc_garden, serial_shops, shop,
          mines_bat_river
Depths:1: minmay_open_boxes_in_corner, enter_ziggurat_b,
          pf_vacation_house_of_asmodeus, kennysheep_cross_room, ice2_lemuel,
          serial_bayou_shore_b, firewood_loft, uniq_jorgrun, uniq_wiglaf
IceCv:    ice_cave_statue_garden_chambered
